 Dungeon Crawl Stone Soup version 0.30.0-29-ga12c61a403 (webtiles) character file.

Game seed: 5980936232508037794

1045 safid the Chiller (level 8, -2/52 HPs)
             Began as a Merfolk Ice Elementalist on June 5, 2023.
             Was an Initiate of Vehumet.
             Slain by a vampire mosquito (6 damage)
             ... on level 5 of the Dungeon.
             The game lasted 00:08:36 (4586 turns).

safid the Chiller (Merfolk Ice Elementalist)        Turns: 4586, Time: 00:08:37

Health: -2/52      AC:  6    Str:  8    XL:     8   Next: 25%
Magic:  9/15       EV: 15    Int: 17    God:    Vehumet [......]
Gold:   285        SH:  0    Dex: 14    Spells: 9/16 levels left

rFire   . . .        z - +0 whip (freeze)
rCold   + . .        (no shield)
rNeg    . . .        a - +0 robe
rPois   +            (no helmet)
rElec   .            y - +0 cloak
rCorr   .            e - +1 pair of gloves
SInv    .            C - +0 pair of boots
Will    .....        (no amulet)
Stlth   +++          x - ring of protection from cold
HPRegen 0.28/turn    p - ring of poison resistance
MPRegen 0.14/turn

%: no passive effects
@: weakened, hasted, very quick
A: (nimble swimmer 2), mertail
a: Renounce Religion


You were on level 5 of the Dungeon.
You worshipped Vehumet.
Vehumet was noncommittal.
You visited 2 branches of the dungeon, and saw 7 of its levels.

You collected 285 gold pieces.

Inventory:

Hand Weapons
 z - a +0 whip of freezing (weapon)
Missiles
 r - a throwing net
Armour
 a - a +0 robe (worn)
 e - a +1 pair of gloves (worn)
 y - a +0 cloak (worn)
 C - a +0 pair of boots (worn)
Jewellery
 p - a ring of poison resistance (right hand)
 x - a ring of protection from cold (left hand)
Scrolls
 c - a scroll of enchant weapon
 i - 5 scrolls of teleportation
 m - a scroll of fear
 s - a scroll of amnesia
 t - a scroll of brand weapon
Potions
 b - a potion of magic
 g - a potion of curing
 j - 2 potions of haste
 k - 2 potions of invisibility {unknown}
 n - a potion of degeneration {unknown}
 o - a potion of resistance {unknown}
 q - a potion of flight {unknown}
 v - 2 potions of brilliance {unknown}
 A - a potion of ambrosia {unknown}


   Skills:
 + Level 6.7 Dodging
 + Level 5.9 Stealth
 + Level 4.7 Spellcasting
 + Level 6.7 Ice Magic


You had 9 spell levels left.
You knew the following spells:

 Your Spells              Type           Power      Damage    Failure   Level
a - Freeze                Ice            100%       1d10      1%          1
b - Frozen Ramparts       Ice            52%        1d8       2%          3
c - Ozocubu's Armour      Ice            26%        N/A       2%          3

Your spell library contained the following spells:

 Spells                   Type           Power      Damage    Failure   Level
 Kiss of Death            Conj/Necr      12%        2d6       14%         1
 Summon Ice Beast         Ice/Summ       15%        N/A       36%         4
 Confusing Touch          Hex            3%         N/A       41%         3
 Dispel Undead            Necr           3%         3d7       82%         4
 Chain Lightning          Conj/Air       1%         3d2       100%        9
 Fire Storm               Conj/Fire      1%         8d1       100%        9
 Shatter                  Erth           1%         3d6*      100%        9


Dungeon Overview and Level Annotations

Branches:
Dungeon (6/15)             Temple (1/1) D:5

Altars:
Ashenzari
Cheibriados
Dithmenos
Elyvilon
Fedhas
Gozag
Hepliaklqana
Kikubaaqudgha
Makhleb
Nemelex Xobeh
Okawaru
Qazlal
Ru
Sif Muna
Trog
Vehumet
Xom
Yredelemnul
Zin
The Shining One


Innate Abilities, Weirdness & Mutations

((You are very nimble when in or above water. (Stealth+, EV+, Speed+++)))
Your lower body shifts to a powerful aquatic tail in water.


Message History

The vampire mosquito bites you.
* * * LOW HITPOINT WARNING * * *
The vampire mosquito draws strength from your injuries!
The gnoll hits you but does no damage.
The gnoll bouda gazes fiercely through you!
You feel as though you will be weak longer.
The gnoll bouda hits you with a +0 club.
* * * LOW HITPOINT WARNING * * *
The vampire mosquito bites you but does no damage.
The vampire mosquito barely misses you.
Unknown command.
Unknown command.
Blink to where?
Press: ? - help, Dir - move target Your icy armour will break if you move.
Continue?
Your icy armour cracks and falls away as you move.
As you read the scroll of blinking, it crumbles to dust.
Unknown command.
The vampire mosquito bites you.
* * * LOW HITPOINT WARNING * * *
The vampire mosquito draws strength from your injuries!
The vampire mosquito closely misses you.
The vampire mosquito misses you.
You climb upwards.
There is a stone staircase leading down here.
Items here: ????.
Press: ? - help, v - describe, . - travel
Here: a vampire mosquito The floor.
Unknown command.
You feel better. The vampire mosquito misses you.
The vampire mosquito bites you.
* * * LOW HITPOINT WARNING * * *
The vampire mosquito draws strength from your injuries!
Unknown command.
You feel yourself speed up. The vampire mosquito bites you!
* * * LOW HITPOINT WARNING * * *
The vampire mosquito draws strength from your injuries!
The vampire mosquito bites you.
You die...

#...####...##....#....#.#.#..##
#..## #...##.......##.#...#..#
#.#####.......#.###...##..##.#
..##......##.........###..##.####
..##.#..#....#.#.....###...#....#
.....#.....###.#.....##..#....#.#
...##...#.##...#.....##..##...#.#
...##...#....###.....##..###.....
.#.##.....#### #@y...#...# ##....
##.##...#.## #.....#...# #.#..
##....###..# ###.....#).## #.#..
#..#.# ##.###...#####..# #....
#.<..# #.##..#######..######.##
#....# #.##.###..........# #.##
##.#..## #.##.# #...)......# #.#.
.......# #....# #..........# #.#.
.......# #.#### #..........# #.#.


You could see a vampire mosquito.

Vanquished Creatures
  Menkaure (D:5)
  Duvessa (D:5)
  A phantom (D:4)
  Blork the orc (D:5)
  A scorpion (D:4)
  4 killer bees (D:4)
  Dowan (D:5)
  A howler monkey (D:5)
  3 jellies (D:5)
  A hound (D:5)
  A gnoll bouda (D:5)
  A sleepcap (D:4)
  An iguana (D:4)
  5 gnolls
  8 adders
  4 orcs (D:5)
  3 bats
  An endoplasm (D:2)
  A giant cockroach (D:3)
  4 goblins
  7 hobgoblins
  3 quokkas
  2 ball pythons
  A frilled lizard (D:2)
  3 kobolds
  3 rats
63 creatures vanquished.

Notes
Turn   | Place    | Note
-------+----------+-------------------------------------------
     0 | D:1      | safid the Merfolk Ice Elementalist began the quest for the
                  | Orb.
     0 | D:1      | Reached XP level 1. HP: 13/13 MP: 3/3
   172 | D:1      | Found a faded altar of an unknown god.
   460 | D:1      | Reached XP level 2. HP: 16/19 MP: 1/5
   921 | D:2      | Reached XP level 3. HP: 16/24 MP: 0/6
   925 | D:2      | Learned a level 3 spell: Frozen Ramparts
  1386 | D:2      | Reached XP level 4. HP: 30/30 MP: 5/7
  1540 | D:2      | Learned a level 3 spell: Ozocubu's Armour
  2199 | D:4      | Reached skill level 5 in Ice Magic
  2218 | D:4      | Reached XP level 5. HP: 25/35 MP: 2/9
  2771 | D:4      | Noticed a phantom
  2820 | D:4      | Killed a phantom
  2821 | D:4      | Reached XP level 6. HP: 20/41 MP: 9/11
  3061 | D:4      | Reached skill level 5 in Dodging
  3067 | D:4      | Reached XP level 7. HP: 22/46 MP: 3/12
  3162 | D:5      | Entered Level 5 of the Dungeon
  3163 | D:5      | Noticed Duvessa
  3163 | D:5      | Noticed Dowan
  3278 | D:5      | Noticed Blork the orc
  3290 | D:5      | Killed Blork the orc
  3291 | D:5      | Reached skill level 5 in Stealth
  3470 | D:5      | Killed Duvessa
  3471 | D:5      | Killed Dowan
  3774 | D:5      | Found a staircase to the Ecumenical Temple.
  3774 | D:5      | Noticed Menkaure
  3799 | D:5      | Killed Menkaure
  3800 | D:5      | Reached XP level 8. HP: 35/52 MP: 0/14
  3806 | Temple   | Entered the Ecumenical Temple
  4214 | Temple   | Became a worshipper of Vehumet
  4586 | D:5      | Slain by a vampire mosquito

Illustrated notes

Levels and vault maps discovered:
D:1:      grunt_arrival_lava_bath, layout_basic,
          hellmonk_ecumenical_altar_arch_garden
D:2:      layout_basic
D:3:      layout_basic, moated_statue
D:4:      layout_gridville, minmay_misc_feat_plants
D:5:      layout_rooms, minmay_temple_entry_fiery, uniq_menkaure,
          uniq_blork_the_orc, uniq_duvessa
D:6:      layout_cave_pools, minmay_joined_circles
Temple:   mainiacjoe_temple_cubbyholes

Skill      XL: |  1  2  3  4  5  6  7 |
---------------+----------------------+-----
Dodging        | 3 4 5 6 |  6.7
Stealth        | 3 4 5 |  5.9
Ice Magic      | 5 6 |  6.7
Spellcasting   | 3 4 |  4.7

Action                     |  1- 3 |  4- 6 |  7- 9 || total
---------------------------+-------+-------+-------++-------
  Melee: Spear             |    61 |    22 |       ||    83
         Punch             |     1 |     1 |     1 ||     3
         Whip              |       |    67 |    60 ||   127
   Cast: Freeze            |    26 |    15 |     7 ||    48
         Frozen Ramparts   |       |     7 |    15 ||    22
         Ozocubu's Armour  |       |     4 |     5 ||     9
    Use: Potion            |     1 |       |     4 ||     5
         Scroll            |       |       |    13 ||    13
   Stab: Sleeping          |     6 |     2 |       ||     8
         Distracted        |       |       |     1 ||     1
 Armour: Robe              |    19 |    28 |    27 ||    74
  Dodge: Dodged            |    53 |    66 |    69 ||   188
